 Dungeon Crawl Stone Soup version 0.31-a0-840-g6d2ecbb638 (webtiles) character file.

Game seed: 3635770360348978746

10519 12345 the Severer (level 11, -9/151 HPs)
             Began as a Hill Orc Berserker on Sept 27, 2023.
             Was an Elder of Trog.
             Mangled by a sixfirhy (11 damage)
             ... in a Gauntlet.
             The game lasted 00:18:18 (11592 turns).

12345 the Severer (Hill Orc Berserker)             Turns: 11592, Time: 00:18:19

Health: -9/151     AC: 21    Str: 21    XL:     11   Next: 63%
Magic:  11/11      EV:  7    Int: 14    God:    Trog [****..]
Gold:   536        SH:  0    Dex: 14    Spells: 10/10 levels left

rFire   . . .        a - +4 battleaxe (freeze)
rCold   . . .        (shield currently unavailable)
rNeg    . . .        C - +0 plate armour
rPois   .            A - +1 helmet
rElec   .            l - +0 cloak
rCorr   .            n - +0 pair of gloves
SInv    +            N - +0 pair of boots
Will    +....        L - amulet of regeneration Stlth
                     i - ring of see invisible
HPRegen 1.25/turn    p - ring of the Failed Coup {Fly Will+ Int+7}
MPRegen 0.12/turn

%: no teleportation
@: berserking, flying, unable to drink, very quick
A: inability to drink after injury 1
a: Renounce Religion, Berserk, Trog's Hand, Brothers in Arms


You were in a Gauntlet.
You worshipped Trog.
Trog was greatly pleased with you.
You visited 1 branch of the dungeon, and saw 11 of its levels.
You also visited: Gauntlet.

You collected 536 gold pieces.

Inventory:

Hand Weapons
 a - a +4 battleaxe of freezing (weapon)
 b - a +5 dire flail
 y - a +2 trident of freezing
 D - a +0 hand axe
Missiles
 e - 4 curare-tipped darts
 t - 3 boomerangs
 w - 3 throwing nets
 x - 27 poisoned darts
Armour
 l - a +0 cloak (worn)
 n - a +0 pair of gloves (worn)
 A - a +1 helmet (worn)
 C - a +0 plate armour (worn)
 N - a +0 pair of boots (worn)
Jewellery
 i - a ring of see invisible (left hand)
 p - the ring of the Failed Coup (right hand) {Fly Will+ Int+7}
   (You found it on level 10 of the Dungeon)

   [ring of flight]

   Int+7:     It affects your intelligence (+7).
   Will+:     It increases your willpower.
   Fly:       It grants you flight.
 F - a ring of resist corrosion
 J - a ring of fire
 L - an amulet of regeneration (around neck)
Wands
 o - a wand of polymorph (4)
 q - a wand of charming (9)
Scrolls
 c - a scroll of noise {unknown}
 j - 2 scrolls of teleportation {unknown}
 k - a scroll of blinking
 s - a scroll of silence {unknown}
 z - 5 scrolls of vulnerability {unknown}
 B - a scroll of amnesia {unknown}
 E - a scroll of revelation {unknown}
 G - a scroll of enchant weapon {unknown}
 I - a scroll of enchant armour
 K - a scroll of torment {unknown}
 M - a scroll of poison {unknown}
Potions
 d - 2 potions of cancellation
 f - 2 potions of attraction
 g - 10 potions of curing
 h - 5 potions of might
 m - 2 potions of berserk rage {unknown}
 r - 2 potions of heal wounds {unknown}
 u - a potion of haste {unknown}
 v - 5 potions of mutation
 H - a potion of enlightenment {unknown}
Miscellaneous
 O - a phial of floods


   Skills:
 + Level 10.8 Fighting
 * Level 15.9 Axes
 + Level 4.8 Throwing
 + Level 9.6 Armour
 - Level 1.5 Dodging
 + Level 1.9 Evocations


You had 10 spell levels left.
You didn't know any spells.
Your spell library was empty.

Dungeon Overview and Level Annotations

Branches:
Dungeon (11/15)            Temple (0/1) D:6            Lair (0/5) D:9
Gauntlet (1/1)
    Orc: D:9-12

Altars:
Hepliaklqana
Kikubaaqudgha
Nemelex Xobeh
Okawaru
Trog
Wu Jian
Xom
Yredelemnul

Shops:
D:3 (

Annotations:
Gauntlet 9 transporters, 3 runed translucent doors


Innate Abilities, Weirdness & Mutations

You occasionally lose the ability to drink potions when taking damage.


Message History

A red film seems to cover your vision as you go berserk!
You feel yourself moving faster!
You feel mighty!
Your black bear barely misses the sixfirhy.
Your black bear claws the sixfirhy.
Your black bear completely misses the sixfirhy.
Your black bear misses the sixfirhy. x2
Your black bear barely misses the sixfirhy.
You slice the sixfirhy!! You freeze the sixfirhy.
The sixfirhy is almost dead.
Your black bear misses the sixfirhy.
Your black bear completely misses the sixfirhy.
Your black bear claws the sixfirhy but does no damage.
You closely miss the sixfirhy.
The sixfirhy is severely wounded.
The sixfirhy hits your black bear. The sixfirhy shocks your black bear!
The sixfirhy hits you.
* * * LOW HITPOINT WARNING * * *
The sixfirhy shocks you!
* * * LOW HITPOINT WARNING * * *
The sixfirhy closely misses your black bear.
The sixfirhy hits you but does no damage.
Your black bear barely misses the sixfirhy.
Your black bear completely misses the sixfirhy.
Your black bear claws the sixfirhy.
The sixfirhy hits your black bear! The sixfirhy shocks your black bear!
You barely miss the sixfirhy.
The sixfirhy is severely wounded.
The sixfirhy hits you but does no damage.
The sixfirhy hits your black bear!
Your black bear dies!
Your black bear's corpse disappears in a puff of smoke!
The sixfirhy hits you but does no damage.
The sixfirhy closely misses you. The sixfirhy barely misses you.
You slash the sixfirhy! You freeze the sixfirhy.
You kill the sixfirhy!
Trog accepts your kill.
You barely miss the sixfirhy. The sixfirhy hits you.
* * * LOW HITPOINT WARNING * * *
The sixfirhy shocks you!
You die...

##≈....#©..8#...#...#
##..8.#...©#.8.#...#
##≈....#©..8#.⌠.#.8.##
#≈≈.#########.8.#.©...
##≈.#..33.###...#.8.##
##.#.###.###...#.©.#
##≈.#.##.^#.#.8.#.8.##
#≈≈.#.3.©...#.∩.#.©...
##≈.#@#^.##.#.8.#.8.##
##.###.###.#...#.©.#
##≈.###.©!".#...#.8.##
#≈≈.#########.8.#.©...
##≈....#©..8#.⌠.#.8.##
##..8.#...©#.8.#...#
##≈....#©..8#...#...#
#≈≈.#########...#≈≈≈#
##≈.#u....Gu#..###≈##


You could see a sixfirhy.

Vanquished Creatures
  A two-headed ogre (D:9)
  A sixfirhy (Gauntlet)
  2 shining eyes (Gauntlet)
  2 cyclopes (D:11)
  A gargoyle (D:10)
  Psyche (D:8)
  3 unseen horror zombies (D:9)
  3 trolls (D:10)
  2 hornets
  Prince Ribbit (D:5)
  A shadow (D:10)
  A vampire (D:11)
  5 yaks (D:10)
  A golden eye (Gauntlet)
  A steam dragon (D:8)
  A water moccasin (D:4)
  An acid dragon (D:9)
  A floating eye (Gauntlet)
  A sky beast (D:7)
  2 orc warriors
  A black bear (D:5)
  3 ice beasts
  An ogre (D:5)
  6 centaurs
  Blork the orc (D:4)
  3 kobold brigands
  2 bullfrogs (D:8)
  2 gnoll sergeants (D:5)
  3 necrophages (D:9)
  5 scorpions
  11 wights
  3 killer bees (D:11)
  2 howler monkeys
  A human zombie (D:9)
  2 jellies (D:5)
  3 hounds
  7 orc priests
  A sleepcap (D:4)
  A gnoll bouda (D:4)
  4 iguanas
  6 orc wizards
  Natasha (thrice) (D:3)
  A killer bee zombie (D:9)
  3 howler monkey zombies (D:9)
  19 gnolls
  11 adders
  A shadow imp (D:6)
  3 worms
  A dart slug (D:3)
  23 orcs
  9 ball pythons
  7 bats
  11 endoplasms
  5 giant cockroaches
  8 goblins
  6 hobgoblins
  5 quokkas
  8 frilled lizards
  14 kobolds
  4 rats (D:1)
242 creatures vanquished.

Notes
Turn   | Place    | Note
-------+----------+-------------------------------------------
     0 | D:1      | 12345 the Hill Orc Berserker began the quest for the Orb.
     0 | D:1      | Reached XP level 1. HP: 19/19 MP: 1/1
   190 | D:1      | Reached XP level 2. HP: 24/27 MP: 2/2
   698 | D:1      | Reached XP level 3. HP: 29/33 MP: 3/3
  1128 | D:2      | Reached skill level 5 in Axes
  1205 | D:2      | Reached ** piety under Trog
  1345 | D:2      | You fall into a shaft and drop 1 floor!
  1359 | D:3      | Found Dakhlah's Antique Weapon Shop.
  1539 | D:2      | Found a bloodstained altar of Trog.
  1653 | D:1      | Reached XP level 4. HP: 38/40 MP: 4/4
  2318 | D:2      | Reached skill level 6 in Axes
  2318 | D:2      | Reached XP level 5. HP: 43/47 MP: 5/5
  2750 | D:3      | Noticed Natasha
  2765 | D:3      | Killed Natasha
  2841 | D:2      | HP: 3/70 [iguana (9)]
  2844 | D:2      | Reached skill level 5 in Fighting
  2844 | D:2      | Reached XP level 6. HP: 5/56 MP: 6/6
  3090 | D:3      | Reached skill level 7 in Axes
  3228 | D:3      | Identified the ring "Gugeusy" {Fly Str-4 Dex+6 Slay+3}
  4049 | D:3      | Found Dakhlah's Antique Weapon Shop.
  4094 | D:3      | Noticed Natasha
  4107 | D:3      | Killed Natasha
  4187 | D:3      | Found Dakhlah's Antique Weapon Shop.
  4307 | D:3      | Noticed Natasha
  4316 | D:3      | Killed Natasha
  4530 | D:4      | Noticed Blork the orc
  4554 | D:4      | Killed Blork the orc
  4555 | D:4      | Reached XP level 7. HP: 61/61 MP: 7/7
  4643 | D:4      | Found a sparkling altar of Nemelex Xobeh.
  4680 | D:4      | Found a basalt altar of Yredelemnul.
  4709 | D:4      | Found an iron altar of Okawaru.
  4718 | D:4      | Reached skill level 8 in Axes
  5135 | D:5      | Entered Level 5 of the Dungeon
  5371 | D:4      | Reached skill level 9 in Axes
  5371 | D:4      | Reached skill level 5 in Armour
  5531 | D:4      | Reached XP level 8. HP: 58/70 MP: 8/8
  5742 | D:5      | Found a hazy altar of Hepliaklqana.
  5964 | D:5      | Noticed Prince Ribbit
  5974 | D:5      | Reached skill level 10 in Axes
  6461 | D:5      | Killed Prince Ribbit
  6689 | D:6      | Found an ornate altar of the Wu Jian Council.
  6723 | D:6      | Reached skill level 11 in Axes
  6723 | D:6      | Reached XP level 9. HP: 79/79 MP: 9/9
  6780 | D:6      | Found a staircase to the Ecumenical Temple.
  7237 | D:6      | Reached *** piety under Trog
  7739 | D:7      | Reached skill level 12 in Axes
  8654 | D:8      | Noticed Psyche
  8660 | D:8      | Killed Psyche
  8661 | D:8      | Reached skill level 13 in Axes
  8661 | D:8      | Reached skill level 1 in Throwing
  8661 | D:8      | Reached XP level 10. HP: 90/90 MP: 10/10
  9082 | D:8      | Found a shimmering altar of Xom.
  9885 | D:9      | Reached skill level 14 in Axes
  9949 | D:9      | Reached **** piety under Trog
  9958 | D:9      | Found an ancient bone altar of Kikubaaqudgha.
 10048 | D:9      | Noticed a two-headed ogre
 10060 | D:9      | Killed a two-headed ogre
 10061 | D:9      | Reached skill level 10 in Fighting
 10203 | D:9      | Found a staircase to the Lair.
 10253 | D:10     | Entered Level 10 of the Dungeon
 10293 | D:10     | Reached XP level 11. HP: 77/99 MP: 11/11
 10300 | D:10     | Reached skill level 15 in Axes
 10351 | D:10     | Identified the ring of the Failed Coup {Fly Will+ Int+7}
 11128 | D:11     | Found a gate leading to a gauntlet.
 11142 | D:11     | Noticed a cyclops
 11151 | D:11     | Noticed a cyclops
 11154 | D:11     | Killed a cyclops
 11155 | D:11     | Reached skill level 1 in Evocations
 11159 | D:11     | Killed a cyclops
 11172 | Gauntlet | Entered a Gauntlet
 11172 | Gauntlet | Noticed a shining eye
 11172 | Gauntlet | Found a transporter.
 11182 | Gauntlet | Found a runed translucent door.
 11185 | Gauntlet | Found a transporter.
 11187 | Gauntlet | Found a transporter.
 11188 | Gauntlet | Found a transporter.
 11190 | Gauntlet | Noticed a shining eye
 11196 | Gauntlet | Found a transporter.
 11199 | Gauntlet | Found a transporter.
 11200 | Gauntlet | Found a transporter.
 11206 | Gauntlet | Noticed a sixfirhy
 11207 | Gauntlet | Noticed a sixfirhy
 11207 | Gauntlet | Noticed a sixfirhy
 11210 | Gauntlet | Noticed a sixfirhy
 11212 | Gauntlet | Found a transporter.
 11213 | Gauntlet | Found a transporter.
 11213 | Gauntlet | Found a transporter.
 11220 | Gauntlet | Noticed a great orb of eyes
 11224 | Gauntlet | Found a transporter.
 11224 | Gauntlet | Found a transporter.
 11225 | Gauntlet | Found a transporter.
 11227 | Gauntlet | Noticed a cyan ugly thing
 11231 | Gauntlet | Found a runed translucent gate.
 11231 | Gauntlet | Found a runed translucent gate.
 11231 | Gauntlet | Found a runed translucent gate.
 11233 | Gauntlet | Found a transporter.
 11465 | Gauntlet | Killed a shining eye
 11533 | Gauntlet | Gained mutation: You occasionally lose the ability to drink
                  | potions when taking damage. [a shining eye]
 11536 | Gauntlet | Killed a shining eye
 11590 | Gauntlet | HP: 2/151 [sixfirhy (12)]
 11592 | Gauntlet | Killed a sixfirhy
 11592 | Gauntlet | Mangled by a sixfirhy

Illustrated notes

Levels and vault maps discovered:
D:1:      lordsloth_arrival_two_stooges, layout_loops_ring,
          chequers_serial_rivers_room_b
D:2:      layout_loops_corners, basic_altar, grunt_ministairs_5, kennysheep_nub,
          minmay_pentomino_x2
D:3:      layout_basic, serial_shops, shop, minmay_checkerbox, uniq_natasha
D:4:      layout_cave_pools, nemelex_spade_bored_becter,
          mainiacjoe_overflow_two_lobes, uniq_blork_the_orc
D:5:      layout_cave_pools, old_standard_altar, uniq_prince_ribbit1
D:6:      layout_gridville, nzn_wu_jian_council_hall, temple_green,
          minmay_fractal_squares_gapless_5
D:7:      layout_basic, nrook_campfire
D:8:      layout_basic, lemuel_doored_altar, amethyst_killhole, uniq_psyche
D:9:      layout_rooms, lemuel_mausoleum_altar_kikubaaqudgha, lair_entry_dummy,
          kennysheep_generic_room_13
D:10:     layout_loops_ring, statue_in_the_mist_lemuel,
          nicolae_figureground_sparkle
D:11:     layout_basic, gauntlet_entry_generic
Gauntlet: gammafunk_gauntlet_77_escape_option [minmay_gauntlet_arena_77_path,
          minmay_gauntlet_arena_77_terracotta_army,
          minmay_gauntlet_arena_77_p_blocks, minmay_gauntlet_arena_77_box,
          minmay_gauntlet_arena_77_run_for_it, gauntlet_exit_hidden_loot]

Skill      XL: |  1  2  3  4  5  6  7  8  9 10 11 |
---------------+----------------------------------+-----
Fighting       | 4 5 6 7 8 10 | 10.8
Axes           | 5 6 7 9 11 13 14 15 | 15.9
Armour         | 3 4 5 6 7 8 9 |  9.6
Throwing       | 1 3 4 |  4.8
Evocations     | 1 |  1.9
Dodging        | |  1.5

Action                     |  1- 3 |  4- 6 |  7- 9 | 10-12 || total
---------------------------+-------+-------+-------+-------++-------
  Melee: Hand axe          |   111 |   172 |   334 |       ||   617
         Punch             |     2 |     1 |     2 |       ||     5
         Unarmed           |       |     7 |       |       ||     7
         Battleaxe         |       |       |     2 |   168 ||   170
 Invoke: Berserk           |     2 |    10 |    14 |     5 ||    31
         Trog's Hand       |       |       |     1 |     1 ||     2
         Brothers in Arms  |       |       |       |     1 ||     1
    Use: Scroll            |       |     3 |     4 |     1 ||     8
         Potion            |       |       |     1 |       ||     1
   Stab: Sleeping          |     1 |     1 |       |       ||     2
 Armour: Animal skin       |    71 |    29 |       |       ||   100
         Ring mail         |       |    21 |       |       ||    21
         Chain mail        |       |    73 |   139 |       ||   212
         Skin              |       |     1 |       |       ||     1
         Plate armour      |       |       |    66 |   200 ||   266
  Dodge: Dodged            |    62 |   106 |    95 |    78 ||   341
  Block: Buckler           |       |       |    52 |       ||    52

Table legend: (Time is in decaauts)
 A = Elapsed time spent in this place.
 B = Non-inter-level travel time spent in this place.
 C = Inter-level travel time spent in this place.
 D = Time resting spent in this place.
 E = Time spent auto-exploring this place.
 F = Levels seen in this place.
 G = Mean time per level.
                   A        B        C        D        E       F      G
               +--------+--------+--------+--------+--------+-----+--------+
         Total |  11803 |  11355 |    448 |   2960 |   6028 |  12 |  983.6 |
       Dungeon |  11364 |  10916 |    448 |   2871 |   5893 |  11 | 1033.1 |
      Gauntlet |    438 |    438 |      0 |     88 |    135 |   1 |  438.0 |
               +--------+--------+--------+--------+--------+-----+--------+

Top non-repeatable levels by time:
     D:3: 1785 daAuts
     D:2: 1728 daAuts
     D:4: 1409 daAuts
     D:6: 1205 daAuts
     D:8: 1161 daAuts
     D:1: 933 daAuts
     D:5: 844 daAuts
    D:10: 819 daAuts
     D:9: 789 daAuts
     D:7: 575 daAuts
Gauntlet: 438 daAuts
    D:11: 111 daAuts
